 Dungeon Crawl Stone Soup version 0.31-a0-632-g766dd24fdf (webtiles) character file.

Game seed: 9038490685083796317

15498 thirtiethelement the Slicer (level 12, -8/81 HPs)
             Began as a Demonspawn Hunter on Aug 26, 2023.
             Was an Elder of Hepliaklqana.
             Killed from afar by Azrael (27 damage)
             ... with a bolt of fire
             ... on level 12 of the Dungeon.
             The game lasted 00:35:40 (12123 turns).

thirtiethelement the Slicer (Demonspawn Hunter)    Turns: 12123, Time: 00:35:40

Health: -8/81      AC: 16    Str: 14    XL:     12   Next: 1%
Magic:  0/12       EV: 12    Int: 10    God:    Hepliaklqana [****..]
Gold:   470        SH:  6    Dex: 20    Spells: 11/11 levels left

rFire   . . .        b - +2 rapier (venom)
rCold   . . .        s - +0 buckler
rNeg    . . .        D - +0 scale mail of Uskayaw's Outrage {Fly rPois}
rPois   +            (helmet unavailable)
rElec   .            i - +0 cloak
rCorr   .            (no gloves)
SInv    +            h - +0 pair of boots
Will    .....        N - amulet of regeneration
Stlth   ++           t - ring of wizardry
HPRegen 1.13/turn    c - +4 ring of protection
MPRegen 0.26/turn

%: guardian spirit, wizardry (x1)
@: flying
A: reduced essence, antennae 3, yellow scales 1, ignite blood 1, magic shield,
magic regeneration
a: Renounce Religion, Recall Ancestor, Ancestor Identity, Transference, Idealise


You were on level 12 of the Dungeon.
You worshipped Hepliaklqana.
Hepliaklqana was greatly pleased with you.
You visited 2 branches of the dungeon, and saw 13 of its levels.

You collected 605 gold pieces.
You spent 135 gold pieces at shops.

Inventory:

Hand Weapons
 a - a +2 longbow of flaming
 b - a +2 rapier of venom (weapon)
Missiles
 u - 3 poisoned darts (quivered)
 x - 4 throwing nets
Armour
 h - a +0 pair of boots (worn)
 i - a +0 cloak (worn)
 s - a +0 buckler (worn)
 D - the +0 scale mail of Uskayaw's Outrage (worn) {Fly rPois}
   (You found it on level 6 of the Dungeon)

   rPois:     It protects you from poison Fly: It grants you flight.
Jewellery
 c - a +4 ring of protection (right hand)
 t - a ring of wizardry (left hand)
 v - an amulet of reflection
 F - a +6 ring of intelligence
 J - an amulet of the acrobat
 N - an amulet of regeneration (around neck)
Wands
 C - a wand of digging (5)
 G - a wand of iceblast (13)
 I - a wand of paralysis (3)
 M - a wand of mindburst (18)
 Q - a wand of quicksilver (5)
Scrolls
 d - 7 scrolls of teleportation
 g - 2 scrolls of revelation
 j - 4 scrolls of enchant armour
 k - a scroll of immolation
 l - 2 scrolls of poison
 q - a scroll of butterflies
 r - 2 scrolls of enchant weapon
 y - a scroll of blinking {unknown}
 A - 2 scrolls of fog
 E - 2 scrolls of silence {unknown}
 H - a scroll of fear {unknown}
 K - 2 scrolls of amnesia
 L - 2 scrolls of vulnerability
Potions
 e - a potion of brilliance {unknown}
 f - 4 potions of heal wounds
 m - 2 potions of berserk rage {unknown}
 n - 2 potions of lignification {unknown}
 o - 7 potions of curing {unknown}
 p - 2 potions of enlightenment {unknown}
 w - 2 potions of ambrosia {unknown}
 z - a potion of might {unknown}
 B - a potion of mutation {unknown}
 O - a potion of haste {unknown}
Miscellaneous
 R - a phantom mirror


   Skills:
 + Level 7.4 Fighting
 + Level 10.5 Short Blades
 + Level 5.6 Ranged Weapons
 + Level 2.2 Throwing
 + Level 7.3 Armour
 + Level 6.1 Dodging
 + Level 4.7 Stealth
 + Level 6.2 Shields
 + Level 0.4 Evocations


You had 11 spell levels left.
You didn't know any spells.
Your spell library contained the following spells:

 Spells                   Type           Power      Damage    Failure   Level
 Magic Dart               Conj           0%         1d3       54%         1
 Necrotise                Necr           0%         1d4       54%         1
 Blink                    Tloc           0%         N/A       69%         2
 Call Imp                 Summ           0%         N/A       69%         2
 Cigotuvi's Dreadful Rot  Necr/Pois/Air  0%         N/A       69%         2
 Lesser Beckoning         Tloc           0%         N/A       69%         2
 Momentum Strike          Conj/Tloc      0%         3d8       69%         2
 Ignite Poison            Fire/Tmut/Pois 0%         N/A       88%         3
 Mephitic Cloud           Conj/Pois/Air  0%         N/A       88%         3
 Portal Projectile        Hex/Tloc       0%         N/A       88%         3
 Stone Arrow              Conj/Erth      0%         3d7       88%         3
 Tukima's Dance           Hex            0%         N/A       88%         3
 Vampiric Draining        Necr           0%         2d6       88%         3
 Vhi's Electric Charge    Tloc/Air       0%         N/A       88%         3
 Animate Armour           Summ/Erth      0%         N/A       99%         4
 Iskenderun's Mystic Bla  Conj/Tloc      0%         2d3       99%         4
 Manifold Assault         Tloc           0%         N/A       99%         4
 Agony                    Necr           0%         N/A       100%        5
 Arcjolt                  Conj/Air       0%         1d10      100%        5
 Freezing Cloud           Conj/Ice/Air   0%         6-21      100%        5
 Plasma Beam              Fire/Air       0%         2x1d10    100%        6
 Lehudib's Crystal Spear  Conj/Erth      0%         10d2      100%        8


Dungeon Overview and Level Annotations

Branches:
Dungeon (12/15)            Temple (1/1) D:4            Lair (0/5) D:8
    Orc (0/2) D:11

Altars:
Ashenzari
Cheibriados
Dithmenos
Fedhas
Gozag
Hepliaklqana
Kikubaaqudgha
Makhleb
Nemelex Xobeh
Okawaru
Qazlal
Ru
Sif Muna
Trog
Uskayaw
Vehumet
Wu Jian
Xom
Yredelemnul

Shops:
D:1 [*(   D:4 **:**   D:11 :

Annotations:
D:5 3 runed translucent doors, Fractals's ghost, novice DrSh; Fractals's ghost, novice KoCj
D:7 2 transporters
D:12 Azrael
Temple 2 transporters


Innate Abilities, Weirdness & Mutations

Your life essence is reduced to manifest your ancestor. (-10% HP)
You have a pair of large antennae on your head. (SInv)
You are partially covered in yellow scales. (AC +2)
Your demonic aura sometimes causes spilled blood to erupt in flames.
When hurt, damage is shared between your health and your magic reserves.
You regenerate magic rapidly.


Message History

The damnation engulfs Azrael.
Azrael completely resists.
You barely miss Azrael.
Azrael is lightly wounded.
Azrael gestures at you. The bolt of fire misses you.
You hit Azrael but do no damage.
Azrael looks even sicker.
Azrael is lightly wounded.
You hit Azrael.
Azrael is lightly wounded.
Azrael gestures at you. You block the sticky flame.
You barely miss Azrael.
Azrael is lightly wounded.
Azrael barely misses you.
You puncture Azrael!
Azrael is moderately wounded.
You hit Azrael.
Azrael is moderately wounded.
You block Azrael's attack.
You hit Azrael.
Azrael is moderately wounded.
Azrael gestures at you.
The sphere of damnation explodes!
The damnation engulfs you!!
* * * LOW HITPOINT WARNING * * *
The damnation engulfs Azrael.
Azrael completely resists.
Azrael gestures at you.
The fireball explodes!
The fireball engulfs you!!
* * * LOW HITPOINT WARNING * * *
You hear two shouts!
Unknown command.
You feel much better. Azrael attacks as he pursues you!
Azrael hits you with a +1 scimitar of flaming.
* * * LOW HITPOINT WARNING * * *
Azrael burns you.
* * * LOW HITPOINT WARNING * * *
There is a stone staircase leading up, spattered with blood here.
Azrael gestures at you. The bolt of fire hits you!!
You die...

.(.....#...# #..#.....#
.......#...# ###..'.....#
.......#...# #....#+#####
#''#####...# #.......E°☼°
...........# { #......○.☼..
#######....###########...☼○R.....
# #................#####....) #
#.#######........# #..... #
#.#.....#.@R.....# +>.... #
#.#.....#...☼..(.# #..... .
..#.....#........## #..... .
..#.....'.)......... ...... .
#.<...#.#######...#######
#.....#.# ...# #.....#.# ...#
#.....+.# #.....#.#


You could see Azrael (very poisoned).

Vanquished Creatures
  Nessos (D:12)
  A centaur warrior (D:9)
  2 two-headed ogres
  Pikel (D:7)
  A cyclops (D:11)
  Maggie (D:7)
  2 unseen horrors
  A gargoyle (D:12)
  Jeremiah (D:8)
  A rime drake (D:8)
  Grinder (D:5)
  A vampire (D:11)
  A wraith (D:9)
  A fire elemental (D:12)
  2 yaks (D:11)
  A steam dragon (D:9)
  2 vampire mosquitoes (D:12)
  2 acid dragons
  2 hell hounds
  A water moccasin (D:7)
  3 orc warriors
  A black bear (D:4)
  3 ice beasts (D:7)
  A sky beast (D:7)
  4 wolves (D:8)
  4 centaurs
  A phantom (D:4)
  2 bullfrogs (D:7)
  3 scorpions
  17 killer bees
  4 howler monkeys
  3 electric eels (D:11)
  5 hounds
  8 orc priests
  A gnoll bouda (D:8)
  3 iguanas
  3 sleepcaps (D:5)
  A hexer (D:9)
  12 orc wizards
  6 gnolls
  7 adders
  4 shadow imps
  4 ufetubi
  2 dart slugs (D:1)
  41 orcs
  5 ball pythons
  3 endoplasms
  3 giant cockroaches
  4 goblins
  7 hobgoblins
  9 jackals
  2 quokkas
  4 bats
  5 frilled lizards
  11 kobolds
  5 rats
227 creatures vanquished.

Vanquished Creatures (collateral kills)
  A deep elf pyromancer (D:8)
  An ugly thing (D:11)
  2 cyclopes
  2 shadows
  A vampire (D:11)
  4 yaks (D:11)
  2 fire elementals
  A vampire mosquito (D:12)
  An acid dragon (D:9)
  2 hell hounds (D:11)
  4 orc warriors
  3 ice beasts (D:8)
  A gnoll sergeant (D:9)
  3 wights (D:7)
  4 killer bees
  2 howler monkeys (D:10)
  3 orc priests
  A quasit (D:8)
  4 orc wizards
  6 gnolls
  17 orcs
65 creatures vanquished.

Vanquished Creatures (others)
  4 hexers
  An orc wizard (D:3)
  3 ancestors (D:7)
8 creatures vanquished.

Grand Total: 300 creatures vanquished

Notes
Turn   | Place    | Note
-------+----------+-------------------------------------------
     0 | D:1      | thirtiethelement the Demonspawn Hunter began the quest for
                  | the Orb.
     0 | D:1      | Reached XP level 1. HP: 16/16 MP: 1/1
    79 | D:1      | Gained mutation: You regenerate magic rapidly. [demonic
                  | ancestry]
    79 | D:1      | Reached XP level 2. HP: 22/22 MP: 2/2
   106 | D:1      | Found Wunipue's Weapon Shoppe.
   384 | D:1      | Found Dimp's Assorted Antiques.
   391 | D:1      | Found Woceloax's Armour Boutique.
  1024 | D:2      | Gained mutation: You have a pair of small antennae on your
                  | head. [demonic ancestry]
  1024 | D:2      | Reached XP level 3. HP: 27/27 MP: 3/3
  1682 | D:3      | Noticed an orc warrior
  1882 | D:3      | Reached skill level 1 in Armour
  2008 | D:3      | Reached XP level 4. HP: 23/34 MP: 4/4
  2230 | D:3      | HP: 1/34 [orc warrior/arrow (16)]
  2402 | D:3      | Reached skill level 5 in Ranged Weapons
  2402 | D:3      | Gained mutation: When hurt, damage is shared between your
                  | health and your magic reserves. [demonic ancestry]
  2402 | D:3      | Reached XP level 5. HP: 39/39 MP: 5/5
  2409 | D:3      | Reached skill level 1 in Stealth
  2628 | D:3      | Found a shimmering altar of Xom.
  3233 | D:4      | Found Zuaruhok's Assorted Antiques.
  3245 | D:4      | Bought a lumpy diamond amulet for 135 gold pieces
  3258 | D:4      | Found Ilabritz's Assorted Antiques.
  3291 | D:4      | Found Nacogryi's Book Boutique.
  3366 | D:4      | Found an ornate altar of the Wu Jian Council.
  3374 | D:4      | Found Xogitt's General Store.
  3402 | D:4      | Found Joupul's Assorted Antiques.
  3773 | D:4      | Noticed a phantom
  3805 | D:4      | Killed a phantom
  3806 | D:4      | Reached skill level 1 in Short Blades
  3806 | D:4      | Gained mutation: You are partially covered in yellow
                  | scales. (AC +2) [demonic ancestry]
  3806 | D:4      | Reached XP level 6. HP: 7/46 MP: 1/6
  4012 | D:4      | Found a staircase to the Ecumenical Temple.
  4023 | Temple   | Found a transporter.
  4023 | Temple   | Found a transporter.
  4023 | Temple   | Found a transporter.
  4023 | Temple   | Found a transporter.
  4023 | Temple   | Entered the Ecumenical Temple
  4041 | Temple   | Became a worshipper of Hepliaklqana the Forgotten
  4221 | D:4      | Found an ancient bone altar of Kikubaaqudgha.
  4497 | D:5      | Entered Level 5 of the Dungeon
  4516 | D:5      | Reached skill level 2 in Short Blades
  4659 | D:5      | Noticed Grinder
  4664 | D:5      | Reached XP level 7. HP: 48/52 MP: 5/7
  4688 | D:5      | Killed Grinder
  4689 | D:5      | Reached skill level 3 in Short Blades
  4774 | D:5      | Reached skill level 1 in Shields
  4925 | D:5      | Found a runed translucent gate.
  4926 | D:5      | Found a runed translucent gate.
  4926 | D:5      | Found a runed translucent gate.
  4929 | D:5      | Noticed Fractals's ghost (novice KoCj)
  4929 | D:5      | Noticed Fractals's ghost (novice DrSh)
  5497 | D:6      | Identified the +0 scale mail of Uskayaw's Outrage {Fly
                  | rPois}
  5512 | D:6      | Reached skill level 4 in Short Blades
  5577 | D:6      | Reached * piety under Hepliaklqana
  5810 | D:6      | Gained mutation: You have a pair of antennae on your head.
                  | [demonic ancestry]
  5810 | D:6      | Reached XP level 8. HP: 53/54 MP: 8/8
  5821 | D:6      | Found a burning altar of Makhleb.
  5821 | D:6      | Noticed an Executioner
  6184 | D:7      | Reached skill level 5 in Short Blades
  6488 | D:7      | Found a transporter.
  6489 | D:7      | Noticed a troll
  6490 | D:7      | Found a transporter.
  6705 | D:7      | Reached skill level 6 in Short Blades
  6731 | D:7      | Reached XP level 9. HP: 41/59 MP: 7/9
  6807 | D:7      | Found a shadowy altar of Dithmenos.
  6835 | D:7      | Noticed Pikel
  6851 | D:7      | Killed Pikel
  6852 | D:7      | Reached skill level 5 in Fighting
  6985 | D:7      | Noticed Maggie
  7002 | D:7      | Killed Maggie
  7003 | D:7      | Reached skill level 7 in Short Blades
  7340 | D:8      | Reached ** piety under Hepliaklqana
  7441 | D:7      | HP: 3/61 [poisoned by a wight]
  7624 | D:7      | Reached skill level 8 in Short Blades
  7942 | D:8      | Found an opulent altar of Gozag.
  7954 | D:8      | Noticed a deep elf pyromancer
  7989 | D:8      | Killed a deep elf pyromancer
  7990 | D:8      | Gained mutation: You have a pair of large antennae on your
                  | head. (SInv) [demonic ancestry]
  7990 | D:8      | Reached XP level 10. HP: 23/68 MP: 5/10
  8138 | D:8      | Remembered your ancestor Octavia as a hexer
  8151 | D:8      | Reached skill level 5 in Armour
  8264 | D:8      | Found a staircase to the Lair.
  8715 | D:8      | Noticed Jeremiah
  8732 | D:8      | Killed Jeremiah
  8965 | D:9      | Reached skill level 5 in Dodging
  9308 | D:9      | Noticed a centaur warrior
  9320 | D:9      | Killed a centaur warrior
  9321 | D:9      | Reached skill level 9 in Short Blades
  9354 | D:9      | Reached *** piety under Hepliaklqana
 10119 | D:10     | Entered Level 10 of the Dungeon
 10310 | D:10     | Reached skill level 5 in Shields
 10459 | D:10     | Reached XP level 11. HP: 74/74 MP: 11/11
 10510 | D:10     | Reached **** piety under Hepliaklqana
 10577 | D:10     | Found a sparkling altar of Nemelex Xobeh.
 10581 | D:10     | Found a bloodstained altar of Trog.
 10735 | D:10     | Noticed a two-headed ogre
 10744 | D:10     | Killed a two-headed ogre
 10801 | D:10     | Found a shimmering blue altar of Sif Muna.
 10801 | D:10     | Found a sacrificial altar of Ru.
 10802 | D:10     | Found a broken altar of Ashenzari.
 10805 | D:10     | Found a snail-covered altar of Cheibriados.
 10906 | D:11     | Noticed a two-headed ogre
 10923 | D:11     | Killed a two-headed ogre
 10924 | D:11     | Reached skill level 1 in Throwing
 11279 | D:11     | Noticed a white ugly thing
 11290 | D:11     | Killed a white ugly thing
 11291 | D:11     | Reached skill level 10 in Short Blades
 11387 | D:11     | Found Bos Nody's Self-Improvement Boutique.
 11479 | D:11     | Found a staircase to the Orcish Mines.
 11714 | D:12     | Noticed Nessos
 11736 | D:12     | Killed Nessos
 11909 | D:12     | Noticed Azrael
 12068 | D:11     | Gained mutation: Your demonic aura sometimes causes spilled
                  | blood to erupt in flames. [demonic ancestry]
 12068 | D:11     | Reached XP level 12. HP: 53/81 MP: 7/12
 12120 | D:12     | HP: 1/81 [Azrael/fireball (16)]
 12123 | D:12     | Killed from afar by Azrael

Illustrated notes

Levels and vault maps discovered:
D:1:      roderic_octagonal_star, layout_loops_ring, serial_shops, shop, shop,
          shop, minmay_misc_feat_room
D:2:      layout_basic, basic_altar, minivault_5, hex_large
D:3:      layout_loops_ring, tgw_xom, serial_rivers,
          chequers_serial_rivers_small_3, chequers_serial_rivers_small_3,
          chequers_serial_rivers_small_3, chequers_serial_rivers_micro_b
D:4:      layout_loops_corners, mainiacjoe_overflow_catwalk,
          kiku_gazebo_garden_becter, minmay_temple_entry_stoned_glass,
          serial_shops, shop, nicolae_shop_trees, nicolae_shop_statue_plus,
          shop, nicolae_take_the_stairs
D:5:      layout_loops_ring, gammafunk_ghost_cemetery, uniq_grinder
D:6:      layout_gridville, makhleb_altar_promises_db, grunt_decor_resistance,
          roderic_roman_lattice, st_stairs_11
D:7:      gammafunk_beogh_shrine, layout_basic, mainiacjoe_overflow_24_doors,
          serial_rivers, chequers_serial_rivers_small_b,
          chequers_serial_rivers_small_a, chequers_serial_rivers_micro_e,
          chequers_serial_rivers_micro_b, minmay_puff, uniq_pikel, uniq_maggie
D:8:      layout_basic, mainiacjoe_overflow_paths, hellmonk_lair_entry_icy,
          serial_demonic, serial_demonic_b, serial_demonic_f, serial_demonic_a,
          serial_demonic_b, uniq_jeremiah
D:9:      layout_long_grid
D:10:     layout_irregular_city, minitemple, minmay_holes
D:11:     layout_small_grid, erik_orc_2, nicolae_shop_self_help
D:12:     layout_irregular_city, uniq_urug, uniq_frances, uniq_nessos,
          uniq_rupert, uniq_azrael
Temple:   hellmonk_temple_divided_pantheon

Skill      XL: |  1  2  3  4  5  6  7  8  9 10 11 |
---------------+----------------------------------+-----
Dodging        | 2 3 4 5 6 |  6.1
Ranged Weapons | 4 5 |  5.6
Armour         | 1 2 3 4 6 7 |  7.3
Stealth        | 1 2 3 4 |  4.7
Short Blades   | 1 2 4 6 8 9 10 | 10.5
Fighting       | 3 4 5 6 7 |  7.4
Shields        | 1 2 4 5 6 |  6.2
Throwing       | 2 |  2.2
Evocations     | |  0.4

Action                     |  1- 3 |  4- 6 |  7- 9 | 10-12 || total
---------------------------+-------+-------+-------+-------++-------
  Melee: Rapier            |       |    95 |   338 |   485 ||   918
         Punch             |       |     1 |     6 |     3 ||    10
   Fire: Shortbow          |   106 |    54 |     1 |       ||   161
  Throw: Dart              |       |     8 |       |    17 ||    25
 Invoke: Ancestor Life: He |       |       |       |     1 ||     1
         Recall Ancestor   |       |       |       |     1 ||     1
  Evoke: Wand              |       |       |       |     3 ||     3
    Use: Scroll            |       |     4 |     1 |     7 ||    12
         Potion            |       |       |     2 |     2 ||     4
   Stab: Sleeping          |       |     3 |     1 |       ||     4
         Distracted        |       |       |     1 |     9 ||    10
         Confused          |       |       |       |     9 ||     9
 Armour: Leather armour    |    11 |    24 |    22 |       ||    57
         Scale mail        |       |       |   114 |   220 ||   334
  Dodge: Dodged            |    35 |    71 |   168 |   232 ||   506
  Block: Other             |       |    22 |    78 |    43 ||   143
         Reflection        |       |     1 |       |     6 ||     7
         Buckler           |       |       |       |   141 ||   141

Table legend: (Time is in decaauts)
 A = Elapsed time spent in this place.
 B = Non-inter-level travel time spent in this place.
 C = Inter-level travel time spent in this place.
 D = Time resting spent in this place.
 E = Time spent auto-exploring this place.
 F = Levels seen in this place.
 G = Mean time per level.
                   A        B        C        D        E       F      G
               +--------+--------+--------+--------+--------+-----+--------+
         Total |  12082 |  11763 |    319 |   1248 |   7813 |  13 |  929.4 |
       Dungeon |  12051 |  11732 |    319 |   1248 |   7813 |  12 | 1004.2 |
        Temple |     30 |     30 |      0 |      0 |      0 |   1 |   30.0 |
               +--------+--------+--------+--------+--------+-----+--------+

Top non-repeatable levels by time:
     D:7: 1513 daAuts
     D:9: 1377 daAuts
     D:4: 1338 daAuts
     D:8: 1282 daAuts
     D:2: 1280 daAuts
     D:3: 1178 daAuts
     D:5: 999 daAuts
    D:11: 954 daAuts
     D:1: 728 daAuts
    D:10: 602 daAuts
     D:6: 587 daAuts
    D:12: 209 daAuts
  Temple: 30 daAuts
